 Dungeon Sprint DCSS version 0.21.1-1-g345015f (webtiles) character file.

12847 wojtek the Severer (level 11, -4/169 HPs)
             Began as a Minotaur Berserker on Feb 17, 2018.
             Was the Champion of Trog.
             Slain by a dire elephant (20 damage)
             ... in the Dungeon (Sprint III: "The Ten Rune Challenge").
             The game lasted 00:07:09 (2685 turns).

wojtek the Severer (Minotaur Berserker)             Turns: 2685, Time: 00:07:09

Health: -4/169     AC: 17    Str: 30    XL:     11   Next: 67%
Magic:  3/3        EV: 14    Int:  4    God:    Trog [******]
Gold:   3756       SH:  0    Dex: 10    Spells: 10/10 levels left

rFire    . . .     SeeInvis .   a - +5 executioner's axe (antimagic)
rCold    . . .     Gourm    .   (shield currently unavailable)
rNeg     . . .     Faith    .   u - +0 plate armour
rPois    .         Spirit   .   (helmet restricted)
rElec    .         Reflect  .   (no cloak)
rCorr    .         Harm     .   (no gloves)
MR       .....     NoTele   +   (no boots)
Stlth    ..........             (no amulet)
HPRegen  0.38/turn              (no ring)
MPRegen  0.08/turn              (no ring)

@: berserking, very quick
A: retaliatory headbutt, horns 2
a: Berserk, Trog's Hand, Brothers in Arms, Burn Spellbooks, Renounce Religion


You were in the Dungeon.
You worshipped Trog.
Trog was exalted by your worship.
You were very hungry.

You visited 1 branch You collected 3756 gold pieces.

Inventory:

Hand Weapons
 a - a +5 antimagic executioner's axe (weapon)
 b - the +1 battleaxe "Raisin" {chop, rElec Stlth+}
   (Trog gifted it to you in the Dungeon)

   It inflicts extra damage upon your enemies.
   It insulates you from electricity.
   It makes you more stealthy.
 s - a +3 broad axe of electrocution
 v - a +1 executioner's axe of electrocution
Missiles
 k - 2 javelins of returning (quivered)
Armour
 u - a +0 plate armour (worn)
Wands
 q - a wand of enslavement (17)
Scrolls
 i - a scroll of blinking
 l - a scroll of holy word {unknown}
 m - 4 scrolls of identify
 n - 3 scrolls of remove curse
 p - a scroll of torment {unknown}
Potions
 d - 3 potions of curing
 e - 2 potions of heal wounds
 f - a potion of haste
 g - 2 potions of magic
 h - a potion of berserk rage
 o - 3 potions of flight
 r - 4 potions of mutation {unknown}
Miscellaneous
 j - a fan of gales
Comestibles
 c - 17 rations
 t - 9 chunks of flesh


   Skills:
 + Level 15.6 Fighting
 * Level 20.6 Axes
 + Level 15.4 Armour
 + Level 14.3 Dodging


You had 10 spell levels left.
You didn't know any spells.

Dungeon Overview and Level Annotations

Branches:
Dungeon (1/1)

Altars:
Cheibriados
Dithmenos
Elyvilon
Fedhas
Gozag
Hepliaklqana
Kikubaaqudgha
Makhleb
Nemelex Xobeh
Okawaru
Qazlal
Ru
Sif Muna
Trog
Uskayaw
Vehumet
Wu Jian
Xom
Yredelemnul
Zin
The Shining One
Beogh
Jiyva
Lugonu

Shops:
D (


Innate Abilities, Weirdness & Mutations

You reflexively headbutt those who attack you in melee.
You have a pair of horns on your head.


Message History

The dire elephant tramples you!
* * * LOW HITPOINT WARNING * * *
You stumble backwards!
Okay, then.
You slash the dire elephant!
The dire elephant is heavily wounded.
The dire elephant tramples you.
* * * LOW HITPOINT WARNING * * *
You stumble backwards!
You slice the dire elephant!!
The dire elephant is almost dead.
The dire elephant tramples you!
* * * LOW HITPOINT WARNING * * *
You hold your ground!
The dire elephant trunk-slaps you but does no damage.
A red film seems to cover your vision as you go berserk!
You feel yourself moving faster!
You feel mighty!
You are feeling very hungry.
The dire elephant tramples you!!
You die...

..##..###....#.⌠.#__#...#'#######
.##...##.....#...#__#...#.)§§§§.#
##....#..)...#'###__#...#§#§§≈#.#
##..##.#.....#)).#__#...'.#§§§#.#
#..#####....#___#__'...#.#§§§#..
▓▓▓▓▓▓▓▓▓▓▓▓▓▓▓▓▓▓▓▓▓▓▓▓▓▓▓▓▓▓▓▓▓
'≈≈§≈≈≈≈≈≈♣♣.....♣♣♣♣≈≈≈........≈
#≈≈.§≈§.≈≈♣♣.≈≈≈≈'♣♣†♣≈≈≈≈≈≈≈≈≈≈≈
#≈≈≈§§§≈≈≈['.†.Y@#.≈♣♣♣♣♣♣♣♣♣♣♣♣♣
#≈≈§§§≈≈≈≈♣♣♣♣♣♣♣#..♣ #.≈≈≈≈≈≈≈≈♣
###+ ####'#######♣ .....)......♣
############+


You could see a dire elephant.

Vanquished Creatures
  Rupert (D)
  Gastronok (D)
  A dire elephant (D)
  Josephine (D)
  A centaur warrior (D)
  An orc high priest (D)
  An unseen horror (D)
  A deep elf mage (D)
  An elephant (D)
  2 spiny frogs (D)
  A rime drake (D)
  A komodo dragon (D)
  A queen bee (D)
  5 blink frogs (D)
  A shadow (D)
  3 wandering mushrooms (D)
  A spatial vortex (D)
  A swamp drake (D)
  A necrophage (D)
  2 centaurs (D)
  An earth elemental (D)
  A water elemental (D)
  32 killer bees (D)
  A jelly (D)
  Crazy Yiuf (D)
  Jessica (D)
  A wizard (D)
  A necromancer (D)
  3 humans (D)
  A kobold demonologist (D)
  An ooze (D)
  An orc (D)
  2 rats (D)
75 creatures vanquished.

Vanquished Creatures (collateral kills)
  An orc high priest (D)
  2 orc knights (D)
  An orc sorcerer (D)
  2 orc warriors (D)
  3 orc wizards (D)
  7 orcs (D)
16 creatures vanquished.

Vanquished Creatures (others)
  2 draconian scorchers (D)
  6 hellions (D)
  2 yaktaurs (D)
  4 plants (D)
14 creatures vanquished.

Grand Total: 105 creatures vanquished

Notes
Turn   | Place    | Note
-------+----------+-------------------------------------------
     0 | D        | wojtek the Minotaur Berserker began the quest for the Orb.
     0 | D        | Reached XP level 1. HP: 19/19 MP: 0/0
    10 | D        | Reached skill level 4 in Axes
    21 | D        | Killed a yaktaur
    31 | D        | Noticed Jessica
    33 | D        | Killed Jessica
    33 | D        | Reached ** piety under Trog
    33 | D        | Reached skill level 5 in Axes
    33 | D        | Reached XP level 2. HP: 27/28 MP: 1/1
    33 | D        | Reached XP level 3. HP: 34/35 MP: 2/2
    71 | D        | Killed a hellion
    72 | D        | Noticed Crazy Yiuf
    74 | D        | Killed a hellion
    76 | D        | Killed Crazy Yiuf
    76 | D        | Reached skill level 5 in Fighting
    76 | D        | Reached skill level 6 in Axes
    79 | D        | Reached skill level 7 in Axes
    79 | D        | Reached XP level 4. HP: 44/44 MP: 3/3
   123 | D        | Killed a hellion
   125 | D        | Noticed a water elemental
   128 | D        | Killed a water elemental
   128 | D        | Reached *** piety under Trog
   128 | D        | Reached skill level 8 in Axes
   128 | D        | Reached skill level 5 in Armour
   128 | D        | Reached skill level 5 in Dodging
   151 | D        | Killed a hellion
   151 | D        | Killed a hellion
   159 | D        | Killed a hellion
   220 | D        | Found a radiant altar of Vehumet.
   221 | D        | Found a deep blue altar of Sif Muna.
   221 | D        | Found an ancient bone altar of Kikubaaqudgha.
   221 | D        | Noticed a wizard
   227 | D        | Reached XP level 5. HP: 51/51 MP: 4/4
   229 | D        | Reached **** piety under Trog
   229 | D        | Reached skill level 9 in Axes
   238 | D        | Killed a white draconian scorcher
   249 | D        | Found a glowing silver altar of Zin.
   249 | D        | Killed a white draconian scorcher
   250 | D        | Found a glowing golden altar of the Shining One.
   250 | D        | Found a white marble altar of Elyvilon.
   250 | D        | Noticed a deep elf mage
   255 | D        | Noticed a fire elemental
   255 | D        | Killed a deep elf mage
   255 | D        | Reached skill level 12 in Axes
   255 | D        | Reached XP level 6. HP: 63/63 MP: 5/5
   255 | D        | Reached XP level 7. HP: 70/70 MP: 6/6
   266 | D        | Found a hide-covered altar of Uskayaw.
   266 | D        | Found an iron altar of Okawaru.
   267 | D        | Found a roughly hewn altar of Beogh.
   267 | D        | Found a bloodstained altar of Trog.
   267 | D        | Found an ornate altar of the Wu Jian Council.
   267 | D        | Noticed a human
   267 | D        | Noticed a human
   282 | D        | Killed a human
   282 | D        | Reached ***** piety under Trog
   286 | D        | Killed a human
   286 | D        | Reached skill level 13 in Axes
   372 | D        | Found a shadowy altar of Dithmenos.
   377 | D        | Reached skill level 10 in Fighting
   378 | D        | Found a basalt altar of Yredelemnul.
   378 | D        | Found a sacrificial altar of Ru.
   387 | D        | Noticed a shadow
   392 | D        | Killed a shadow
   392 | D        | Reached XP level 8. HP: 64/79 MP: 7/7
   394 | D        | Reached skill level 10 in Armour
   476 | D        | Killed a yaktaur
   518 | D        | Found a blossoming altar of Fedhas.
   518 | D        | Found a stormy altar of Qazlal.
   519 | D        | Found a snail-covered altar of Cheibriados.
   519 | D        | Found a burning altar of Makhleb.
   519 | D        | Found a hazy altar of Hepliaklqana.
   519 | D        | Found a shimmering altar of Xom.
   519 | D        | Found an opulent altar of Gozag.
   519 | D        | Found a sparkling altar of Nemelex Xobeh.
   519 | D        | Found a corrupted altar of Lugonu.
   519 | D        | Found a viscous altar of Jiyva.
   652 | D        | Noticed Josephine
   686 | D        | Killed Josephine
   686 | D        | Reached ****** piety under Trog
   686 | D        | Reached skill level 15 in Axes
   686 | D        | Reached skill level 10 in Dodging
   686 | D        | Reached XP level 9. HP: 55/89 MP: 8/8
  1164 | D        | Noticed an orc knight
  1169 | D        | Noticed an orc high priest
  1169 | D        | Killed an orc high priest
  1169 | D        | Received a gift from Trog
  1175 | D        | Killed an orc knight
  1179 | D        | Reached skill level 16 in Axes
  1181 | D        | Killed an orc high priest
  1181 | D        | Received a gift from Trog
  1183 | D        | Noticed an orc knight
  1183 | D        | Killed an orc knight
  1184 | D        | Noticed an orc sorcerer
  1186 | D        | Paralysed by an orc sorcerer for 2 turns
  1187 | D        | Killed an orc sorcerer
  1192 | D        | Received a gift from Trog
  1193 | D        | Got an ancient battleaxe {god gift}
  1194 | D        | Identified the +1 battleaxe "Raisin" {chop, rElec Stlth+} (Trog gifted it to you in the Dungeon)
  1199 | D        | Found Qaufot's Weapon Boutique.
  1451 | D        | Noticed a centaur warrior
  1464 | D        | Killed a centaur warrior
  1464 | D        | Received a gift from Trog
  1464 | D        | Reached skill level 17 in Axes
  1464 | D        | Reached XP level 10. HP: 82/101 MP: 9/9
  1541 | D        | Killed an unseen horror
  1655 | D        | Received a gift from Trog
  1673 | D        | Reached skill level 18 in Axes
  1673 | D        | Received a gift from Trog
  1693 | D        | Received a gift from Trog
  2043 | D        | Received a gift from Trog
  2140 | D        | Noticed a spiny frog
  2140 | D        | Noticed a spiny frog
  2146 | D        | Killed a spiny frog
  2149 | D        | Killed a spiny frog
  2152 | D        | Reached skill level 19 in Axes
  2152 | D        | Reached XP level 11. HP: 92/111 MP: 3/10
  2424 | D        | Received a gift from Trog
  2479 | D        | Noticed Rupert
  2485 | D        | Killed Rupert
  2646 | D        | Reached skill level 15 in Fighting
  2650 | D        | Noticed Gastronok
  2665 | D        | Noticed a dire elephant
  2669 | D        | Noticed a dire elephant
  2671 | D        | Killed Gastronok
  2671 | D        | Reached skill level 20 in Axes
  2671 | D        | Reached skill level 15 in Armour
  2680 | D        | Killed a dire elephant
  2685 | D        | Slain by a dire elephant

Skill      XL: |  1  2  3  4  5  6  7  8  9 10 11 |
---------------+----------------------------------+-----
Fighting       | 4 5 6 9 10 11 13 14 15 | 15.6
Axes           | 5 7 8 12 13 15 17 19 20 | 20.6
Armour         | 4 5 8 9 11 12 14 15 | 15.4
Dodging        | 3 4 5 7 9 10 11 13 14 | 14.3

Action                   |  1- 3 |  4- 6 |  7- 9 | 10-12 || total
-------------------------+-------+-------+-------+-------++-------
Melee: Hand axe          |    12 |    11 |    73 |       ||    96
       Headbutt          |     3 |     2 |    21 |    29 ||    55
       Battleaxe         |       |       |    18 |    84 ||   102
       Executioner's axe |       |       |       |    74 ||    74
Invok: Berserk           |     1 |     1 |     2 |     1 ||     5
       Burn Spellbooks   |       |     1 |       |       ||     1
       Brothers in Arms  |       |       |     1 |     1 ||     2
  Eat: Chunk             |       |       |     2 |     5 ||     7
       Ration            |       |       |     1 |       ||     1
Armor: Chain mail        |     4 |     2 |    18 |       ||    24
       Plate armour      |       |       |     4 |    73 ||    77
Dodge: Dodged            |     6 |     8 |    30 |    91 ||   135
